Map: Deathaura LE

Players

meeK - Winner!

  • Race: Protoss Protoss
  • League: Diamond
  • Spawn Location: 11:00

Tuss

  • Race: Zerg Zerg
  • League: Diamond
  • Spawn Location: 5:00

VOD

Have the link to the VOD?

Description

Time

  • Played on: July 2, 2020, 9:04 p.m.
  • Length: 24:08
Show
View Real Time Build Order
Export as new Build Order

meeK Protoss - Winner!

Build Orders: Double Forge, Carriers 

Get SALT Encoding   

  12  0:01  Probe  
  13  0:13  Probe  
  14  0:19  Pylon  
  14  0:21  Probe  
  15  0:33  Probe  
  15  0:39  Gateway  
  16  0:45  Probe  
  16  0:49  Assimilator  
  17  0:58  Pylon  
  17  1:03  Probe  
  18  1:12  Forge  
  18  1:22  Probe  
  18  1:24  Zealot  
  19  1:36  Probe  
  19  1:37  Cybernetics Core  
  22  1:45  Photon Cannon  
  22  2:00  Pylon  
  22  2:07  Adept  
  20  2:14  Shield Battery  
  20  2:15  Warp Gate  
  22  2:23  Forge  
  22  2:29  Shield Battery  
  22  2:37  Probe, Adept  
  25  2:55  Nexus  
  25  3:04  Assimilator, Probe  
  26  3:19  Stalker  
  28  3:21  Forge  
  28  3:29  Gateway  
  28  3:43  Shield Battery  
  30  4:00  Photon Cannon  
  24  4:06  Probe  
  24  4:09  Pylon  
  25  4:12  Adept  
  27  4:23  Adept  
  29  4:32  Stalker  
  29  4:34  Stargate  
  31  4:42  Photon Cannon  
  31  4:45  Photon Cannon  
  31  4:56  Shield Battery  
  31  4:57  Shield Battery  
  31  4:59  Stalker  
  33  5:00  Stalker  
  35  5:10  Shield Battery  
  35  5:13  Pylon  
  33  5:17  Void Ray  
  33  5:43  Stalker  
  33  5:44  Stalker  
  37  6:07  Pylon  
  37  6:11  Stalker  
  39  6:19  Void Ray, Gateway  
  41  6:41  Adept  
  43  7:06  Pylon  
  39  7:16  Nexus  
  39  7:23  Void Ray  
  39  7:24  Sentry  
  45  7:33  Probe, Pylon  
  46  7:45  Probe  
  48  7:58  Probe  
  48  8:03  Void Ray  
  48  8:10  Probe  
  53  8:22  Probe  
  54  8:34  Probe  
  54  8:35  Probe  
  56  8:47  Probe x2  
  62  8:52  Protoss Air Weapons Level 1  
  62  8:56  Stalker  
  62  8:59  Probe x2  
  66  9:04  Phoenix  
  66  9:09  Stargate  
  64  9:11  Probe  
  65  9:19  Fleet Beacon  
  65  9:21  Stalker  
  67  9:28  Photon Cannon  
  67  9:34  Phoenix  
  64  10:16  Phoenix  
  64  10:18  Nexus, Probe x2  
  64  10:19  Pylon  
  68  10:21  Pylon  
  67  10:30  Probe x2  
  67  10:33  Phoenix  
  69  10:42  Probe x2  
  73  10:46  Phoenix  
  73  10:49  Assimilator  
  73  10:51  Assimilator  
  73  10:54  Photon Cannon  
  75  10:59  Photon Cannon  
  75  11:01  Pylon  
  75  11:03  Photon Cannon  
  73  11:04  Photon Cannon  
  73  11:10  Probe x2  
  73  11:23  Probe x2  
  65  11:36  Carrier  
  65  12:07  Photon Cannon  
  65  12:08  Pylon, Probe, Photon Cannon  
  66  12:09  Probe  
  66  12:14  Pylon  
  66  12:15  Carrier  
  61  12:31  Carrier  
  67  12:44  Photon Cannon x2  
  67  12:46  Photon Cannon  
  67  12:51  Assimilator  
  73  12:53  Shield Battery  
  73  12:57  Assimilator  
  73  13:01  Pylon  
  73  13:02  Protoss Air Weapons Level 2  
  73  13:19  Mothership  
  73  13:22  Photon Cannon  
  73  13:24  Photon Cannon  
  73  13:25  Photon Cannon  
  81  13:42  Adept  
  83  13:50  Gateway x2  
  81  14:03  Stalker  
  83  14:15  Gateway  
  82  14:20  Pylon  
  82  14:21  Zealot  
  84  14:29  Carrier  
  90  14:33  Carrier  
  96  14:48  Sentry  
  98  14:55  Twilight Council  
  98  14:56  Probe x2  
  100  15:12  Photon Cannon x2  
  100  15:19  Adept  
  97  15:29  Adept x2  
  101  15:38  Templar Archives  
  101  15:46  Carrier  
  101  15:51  Photon Cannon  
  101  15:53  Photon Cannon  
  107  16:04  Protoss Air Weapons Level 3  
  107  16:21  Void Ray  
  101  16:49  Void Ray  
  105  16:59  High Templar x2  
  109  17:06  High Templar  
  97  17:22  Void Ray  
  63  17:33  High Templar  
  63  17:34  High Templar  
  63  17:35  Archon  
  67  17:37  Archon  
  67  17:41  Nexus  
  67  17:42  Pylon  
  67  17:43  Pylon  
  67  17:44  Photon Cannon  
  67  17:45  Photon Cannon  
  67  17:49  Probe x3  
  70  17:55  High Templar, Charge  
  72  18:03  Zealot x2  
  76  18:06  Archon  
  76  18:25  Stalker x2  
  80  18:29  Gateway  
  80  18:31  Gateway  
  80  18:34  Photon Cannon  
  80  18:39  High Templar  
  82  18:52  High Templar  
  82  18:54  Zealot  
  86  18:57  Archon  
  86  19:02  Gateway  
  86  19:05  Gateway  
  86  19:08  Probe x3  
  86  19:09  Probe  
  90  19:20  Probe x2  
  88  19:32  Stalker  
  88  19:33  Stalker x2  
  94  19:41  Photon Cannon  
  94  19:42  Void Ray  
  94  19:45  Void Ray  
  94  19:52  Probe  
  93  20:15  High Templar x2  
  93  20:16  Zealot x2  
  91  20:25  Probe x4  
  91  20:28  Void Ray  
  93  20:32  Void Ray  
  101  20:43  Zealot  
  101  20:44  Zealot  
  101  20:47  Zealot x2  
  109  21:03  Archon  
  109  21:11  Void Ray  
  107  21:15  Void Ray  
  107  21:20  Zealot x2  
  107  21:21  Zealot x2  
  111  21:26  Gateway  
  111  21:29  Gateway  
  97  21:41  High Templar  
  97  21:42  High Templar x2  
  97  21:44  Zealot  
  97  21:46  Archon  
  99  21:52  Zealot  
  99  21:54  Zealot x2  
  87  22:07  Void Ray  
  87  22:12  Void Ray  
  91  22:18  Zealot x3  
  91  22:19  Zealot x2  
  91  22:20  Photon Cannon  
  101  22:23  Probe, Photon Cannon  
  101  22:24  Photon Cannon  
  94  22:42  Psionic Storm  
  94  22:44  Zealot x2  
  94  22:45  Void Ray, Zealot x3  
  108  23:05  Probe x4  
  112  23:07  Pylon  
  112  23:10  High Templar  
  112  23:11  High Templar  
  116  23:13  Zealot x3  
  116  23:15  Archon  
  122  23:21  Zealot x2  
  118  23:48  Zealot  
  118  23:49  Zealot x4  
  120  23:59  High Templar x2  
  124  24:03  Archon  
  124  24:05  Zealot  
Show
View Real Time Build Order
Export as new Build Order

Tuss Zerg 

Build Orders: Pool First 

Get SALT Encoding   

  12  0:16  Spawning Pool  
  11  0:21  Drone  
  11  0:26  Drone  
  13  0:32  Drone  
  14  0:43  Overlord  
  14  1:03  Zergling x4  
  16  1:05  Zergling x2  
  17  1:15  Hatchery  
  16  1:19  Zergling x2  
  17  1:27  Zergling x2  
  18  1:37  Zergling x2  
  19  1:40  Queen  
  21  1:48  Zergling x2  
  19  2:25  Queen  
  19  2:26  Unknown, Roach Warren  
  19  2:27  Queen  
  19  2:28  Drone  
  20  2:32  Drone  
  20  2:43  Drone  
  20  2:45  Drone  
  21  2:57  Overlord  
  21  2:59  Drone x2  
  23  3:09  Drone  
  23  3:11  Drone  
  25  3:14  Overlord  
  25  3:26  Roach x2  
  29  3:32  Roach  
  31  3:38  Roach  
  31  3:40  Roach  
  35  3:46  Roach  
  34  3:58  Drone  
  33  4:10  Ravager  
  33  4:11  Ravager  
  33  4:16  Ravager  
  36  4:19  Drone x2  
  38  4:40  Ravager, Queen  
  38  4:41  Drone  
  38  4:42  Drone  
  38  4:44  Drone  
  44  4:52  Overlord  
  40  5:15  Drone  
  40  5:16  Drone x5  
  40  5:20  Extractor  
  43  5:40  Ravager  
  43  5:41  Drone x2  
  43  6:17  Roach x3  
  43  6:18  Roach  
  49  6:19  Metabolic Boost, Zergling x2  
  49  6:20  Drone  
  49  6:22  Lair  
  46  6:33  Roach x3  
  46  6:35  Overlord  
  52  6:53  Queen  
  54  7:01  Hatchery  
  54  7:03  Overlord  
  53  7:14  Overlord  
  50  7:23  Spire  
  50  7:27  Drone x3  
  50  7:28  Drone  
  50  7:29  Drone, Queen  
  56  7:33  Drone  
  57  7:38  Overseer  
  57  7:43  Overlord  
  54  7:52  Spore Crawler  
  48  8:31  Unknown  
  47  8:34  Mutalisk x2  
  47  8:35  Mutalisk x4  
  47  8:37  Mutalisk  
  61  8:46  Queen  
  61  8:48  Drone x2  
  65  8:52  Hatchery  
  65  8:54  Overlord  
  64  9:13  Drone  
  64  9:14  Drone x3  
  64  9:15  Overlord  
  68  9:27  Overlord  
  68  9:31  Overlord  
  68  9:35  Drone  
  68  9:36  Drone x2  
  71  9:48  Drone x2  
  71  9:49  Drone  
  71  9:51  Evolution Chamber  
  73  9:59  Mutalisk x3  
  69  10:00  Mutalisk  
  75  10:11  Hatchery  
  74  10:16  Zergling x6  
  74  10:20  Zergling x4  
  79  10:26  Zerg Melee Weapons Level 1  
  79  10:29  Drone x3  
  82  10:40  Mutalisk x3  
  84  10:43  Drone x2  
  86  10:50  Queen  
  88  10:58  Drone x4, Baneling Nest  
  87  11:05  Queen  
  87  11:06  Zergling x2  
  87  11:10  Overlord  
  87  11:11  Mutalisk  
  90  11:18  Drone x2  
  86  11:26  Mutalisk  
  86  11:27  Mutalisk x2  
  86  11:29  Mutalisk  
  85  11:37  Mutalisk  
  84  11:43  Queen x2  
  86  11:47  Queen  
  86  11:50  Spore Crawler  
  85  12:00  Zergling x10  
  85  12:01  Zergling x12  
  94  12:04  Drone x2  
  94  12:07  Extractor  
  95  12:22  Overlord x2  
  95  12:28  Overlord  
  95  12:31  Zergling x2  
  95  12:32  Centrifical Hooks  
  95  12:33  Overlord x2  
  93  12:49  Overlord x2  
  93  12:50  Zergling x2  
  93  12:51  Zergling x20  
  102  13:00  Extractor  
  102  13:03  Drone  
  102  13:04  Extractor  
  101  13:06  Zergling x8  
  101  13:07  Zergling x8  
  109  13:18  Baneling x4  
  109  13:19  Baneling x9  
  109  13:20  Baneling x2  
  109  13:21  Baneling  
  109  13:22  Overlord  
  109  13:27  Glial Reconstitution, Overlord  
  109  13:31  Drone x6  
  109  13:32  Drone  
  116  13:35  Baneling  
  116  13:36  Baneling x6  
  116  13:52  Zergling x2  
  114  14:02  Corruptor x5  
  102  14:09  Zergling x2  
  79  14:11  Corruptor  
  79  14:14  Overseer  
  79  14:20  Zergling x2  
  79  14:21  Zergling x18  
  89  14:28  Drone x6  
  95  14:35  Corruptor  
  95  14:36  Zerg Flyer Weapons Level 1  
  97  14:44  Corruptor x2  
  101  14:50  Overlord  
  101  14:54  Drone  
  101  14:55  Drone x6  
  101  14:59  Zergling x4  
  108  15:12  Corruptor x4  
  116  15:21  Drone  
  116  15:22  Drone x6  
  116  15:23  Extractor  
  118  15:32  Overlord  
  118  15:33  Drone x7  
  125  15:39  Corruptor  
  125  15:40  Drone  
  128  15:54  Corruptor x2  
  128  15:55  Overlord  
  132  15:58  Overlord  
  132  16:01  Infestation Pit  
  131  16:09  Corruptor x3  
  136  16:12  Hatchery  
  135  16:18  Overseer  
  135  16:24  Corruptor  
  135  16:25  Corruptor x3  
  127  16:41  Corruptor x4  
  113  16:59  Corruptor x2  
  106  17:10  Corruptor  
  106  17:11  Queen  
  101  17:24  Corruptor  
  101  17:25  Corruptor  
  105  17:35  Hatchery  
  104  17:50  Overlord  
  104  17:54  Spawning Pool, Roach  
  104  17:55  Roach x7  
  119  18:07  Overlord  
  119  18:09  Roach  
  119  18:10  Drone x2  
  119  18:22  Corruptor  
  119  18:24  Drone  
  119  18:25  Drone x9  
  121  18:43  Overlord, Extractor  
  120  18:49  Drone  
  120  18:50  Drone x5  
  120  18:52  Hatchery  
  125  18:59  Extractor  
  124  19:10  Overlord, Zerg Flyer Armor Level 1  
  124  19:13  Roach x3, Queen  
  124  19:14  Queen x2  
  124  19:16  Drone x2  
  128  19:26  Zergling x4  
  130  19:33  Drone  
  130  19:34  Corruptor  
  130  19:36  Drone  
  130  19:37  Drone x11  
  145  19:39  Overlord  
  144  19:53  Corruptor  
  146  20:04  Roach  
  143  20:11  Roach x7  
  135  20:14  Zergling x2  
  135  20:18  Roach x2  
  115  20:30  Drone  
  115  20:31  Roach x3  
  117  20:40  Drone  
  117  20:41  Roach  
  111  20:51  Drone x3  
  111  20:52  Overlord  
  114  20:57  Roach x2  
  114  20:58  Roach x3  
  117  21:12  Roach  
  117  21:13  Roach x5  
  117  21:14  Zergling x2  
  130  21:25  Zergling x2  
  117  21:28  Zergling x2  
  117  21:29  Zergling x20  
  117  21:31  Zergling x2  
  91  21:47  Queen  
  91  21:48  Roach  
  91  21:49  Roach x3  
  91  21:50  Drone  
  94  21:58  Drone x3  
  94  21:59  Drone x2  
  79  22:31  Queen x2  
  83  22:51  Lair  
  83  22:56  Roach x3  
  83  22:58  Overlord  
  89  23:05  Roach x5  
  99  23:09  Overlord  
  99  23:13  Hatchery  
  99  23:16  Roach  
  100  23:21  Roach x2, Spine Crawler  
  100  23:22  Spine Crawler, Roach x2  
  95  23:37  Roach x2  
  95  23:38  Roach x3  
  95  23:39  Roach  
Tags
 
Add a new tag
Caveats
  • Supply blocks, unpowered buildings, or Contaminate may cause inaccurate times.
  • Supply counts are checked every 10 seconds.